 Dungeon Crawl Stone Soup version 0.29-a0-283-ga02f740833 (webtiles) character file.

Game seed: 13379229863610766618

49 Aksej the Grave Robber (level 3, -3/26 HPs)
             Began as a Demonspawn Necromancer on Mar 13, 2022.
             Was a Follower of Nemelex Xobeh.
             Slain by a gnoll
             ... wielding a +0 whip
              (6 damage)
             ... on level 2 of the Dungeon.
             The game lasted 00:05:49 (1430 turns).

Aksej the Grave Robber (Demonspawn Necromancer)     Turns: 1430, Time: 00:05:50

Health: -3/26      AC:  2    Str:  8    XL:     3   Next: 53%
Magic:  6/6        EV: 12    Int: 18    God:    Nemelex Xobeh [*.....]
Gold:   42         SH:  4    Dex: 13    Spells: 5/7 levels left

rFire   . . .      SeeInvis .   a - +0 short sword (venom)
rCold   . . .      Faith    .   (no shield)
rNeg    . . .      Spirit   .   c - +0 robe
rPois   .          Reflect  .   (no helmet)
rElec   .          Harm     .   (no cloak)
rCorr   .          Rampage  .   (no gloves)
Will    .....                   (no boots)
Stlth   ++........              f - amulet of magic regeneration
HPRegen 0.08/turn               (no ring)
MPRegen 0.50/turn               (no ring)

@: no status effects
A: condensation shield
a: Renounce Religion, Draw Escape, Draw Destruction, Draw Summoning


You were on level 2 of the Dungeon.
You worshipped Nemelex Xobeh.
Nemelex Xobeh was aware of your devotion.
You visited 1 branch of the dungeon, and saw 2 of its levels.

You collected 42 gold pieces.

Inventory:

Hand Weapons
 a - a +0 short sword of venom (weapon)
 b - a +1 antimagic short sword
Armour
 c - a +0 robe (worn)
Jewellery
 f - an amulet of magic regeneration (around neck)
Scrolls
 e - a scroll of torment {unknown}
Potions
 d - a potion of magic


   Skills:
 * Level 1.1 Fighting
 + Level 0.3 Short Blades
 + Level 1.7 Dodging
 + Level 1.8 Stealth
 * Level 2.5 Spellcasting
 * Level 5.1 Necromancy


You had 5 spell levels left.
You knew the following spells:

 Your Spells              Type           Power      Damage    Failure   Level
a - Pain                  Necr           80%        1d8       1%          1
b - Animate Skeleton      Necr           40%        N/A       1%          1

Your spell library contained the following spells:

 Spells                   Type           Power      Damage    Failure   Level
 Vampiric Draining        Necr           20%        2d7       6%          3
 Animate Dead             Necr           10%        N/A       21%         4
 Agony                    Necr           20%        N/A       50%         5


Dungeon Overview and Level Annotations

Branches:
Dungeon (2/15)

Altars:
Nemelex Xobeh

Shops:
D:1 (


Innate Abilities, Weirdness & Mutations

A meltable shield of frost defends you. (SH +4)


Message History

You hit the ball python.
You kill the ball python!
A kobold comes into view. It is wielding a +0 dagger.
You swap places.
The kobold shouts!
You hit the kobold but do no damage.
Your bat skeleton hits the kobold but does no damage.
The kobold hits you but does no damage.
Your bat skeleton hits the kobold.
You closely miss the kobold.
The kobold is moderately wounded.
Your bat skeleton closely misses the kobold. x2
The kobold hits you with a +0 dagger.
Your bat skeleton closely misses the kobold.
You hit the kobold but do no damage.
The kobold is poisoned.
The kobold is moderately wounded.
You kill the kobold!
Your bat skeleton crumbles into dust!
Things that are here:
a +0 dagger; 2 stones A gnoll comes into view.
It is wielding a +0 halberd.
The gnoll shouts!
You hear a shout!
A gnoll shaman comes into view. It is wielding a +0 whip.
A gnoll comes into view. It is wielding a +0 whip.
The gnoll barely misses you.
A gnoll comes into view. It is wielding a +0 whip.
A gnoll comes into view. It is wielding a +0 club.
The gnoll hits you with a +0 halberd!
* * * LOW HITPOINT WARNING * * *
You barely miss the gnoll. The gnoll hits you with a +0 halberd.
* * * LOW HITPOINT WARNING * * *
The gnoll shouts!
You hit the gnoll.
The gnoll is poisoned.
The gnoll is lightly wounded.
The gnoll closely misses you.
You closely miss the gnoll.
The gnoll is lightly wounded.
The gnoll barely misses you. The gnoll misses you.
The gnoll hits you with a +0 whip.
You die...
Your body disappears without a glow.

..... #.....# #...#
#...#.. #...##
#...#.# #....#
#...... # #..#.#
#.....##
.#.####..#.###......
..gg..g............#
#.g@.....#..##.#
#........#..##.#
#........#.....#
######.........####
#......#.....#
#......##.##.#
#..)...##....#
#......##.##.##
#......##.#...#


You could see a gnoll shaman and 3 gnolls.

Vanquished Creatures
  An adder (D:2)
  A worm (D:2)
  6 endoplasms
  A giant cockroach (D:1)
  A goblin (D:1)
  2 hobgoblins
  3 jackals (D:1)
  2 kobolds
  3 quokkas
  6 ball pythons
  3 bats
  3 frilled lizards (D:1)
  A rat (D:1)
33 creatures vanquished.

Vanquished Creatures (collateral kills)
  A dart slug (D:1)
1 creature vanquished.

Grand Total: 34 creatures vanquished

Notes
Turn   | Place    | Note
-------+----------+-------------------------------------------
     0 | D:1      | Aksej the Demonspawn Necromancer began the quest for the
                  | Orb.
     0 | D:1      | Reached XP level 1. HP: 13/13 MP: 3/3
    12 | D:1      | Learned a level 1 spell: Animate Skeleton
   150 | D:1      | Found Tyurut's Antique Weapon Shoppe.
   374 | D:1      | Found a faded altar of an unknown god.
   377 | D:1      | Gained mutation: A meltable shield of frost defends you.
                  | (SH +4) [demonic ancestry]
   377 | D:1      | Reached XP level 2. HP: 18/20 MP: 1/5
   388 | D:1      | Prayed at the altar of an unknown god.
   388 | D:1      | Became a worshipper of Nemelex Xobeh the Trickster
   388 | D:1      | Reached * piety under Nemelex Xobeh
   388 | D:1      | Received a gift from Nemelex Xobeh
   605 | D:1      | Reached skill level 5 in Necromancy
  1093 | D:1      | Reached XP level 3. HP: 15/25 MP: 6/6
  1343 | D:2      | Reached skill level 1 in Fighting
  1430 | D:2      | Slain by a gnoll

Illustrated notes

Levels and vault maps discovered:
D:1:      eino_arrival_cavern_d, layout_basic, basic_ecumenical_altar,
          serial_shops, nicolae_shop_overgrown_old_shop
D:2:      layout_basic, basic_altar, uniq_terence

Skill      XL: |  1  2  3 |
---------------+----------+-----
Necromancy     | 5 |  5.1
Fighting       | 1 |  1.1
Short Blades   | |  0.3
Dodging        | |  1.7
Stealth        | |  1.8
Spellcasting   | |  2.5

Action                   || total
-------------------------++-------
Melee: Short sword       ||    59
       Punch             ||     2
 Cast: Pain              ||    27
       Animate Skeleton  ||     9
 Stab: Sleeping          ||     2
       Distracted        ||     1
Armor: Robe              ||     6
Dodge: Dodged            ||    36
Block: Other             ||     4

Table legend: (Time is in decaauts)
 A = Elapsed time spent in this place.
 B = Non-inter-level travel time spent in this place.
 C = Inter-level travel time spent in this place.
 D = Time resting spent in this place.
 E = Time spent auto-exploring this place.
 F = Levels seen in this place.
 G = Mean time per level.
                   A        B        C        D        E       F      G
               +--------+--------+--------+--------+--------+-----+--------+
         Total |   1434 |   1423 |     11 |     97 |    902 |   2 |  717.0 |
       Dungeon |   1434 |   1423 |     11 |     97 |    902 |   2 |  717.0 |
               +--------+--------+--------+--------+--------+-----+--------+

Top non-repeatable levels by time:
     D:1: 1223 daAuts
     D:2: 211 daAuts
